 Dungeon Sprint DCSS version 0.16.2-12-gd0ad4c3 (webtiles) character file.

498827 Ponchio the Archmage (level 19, 89/89 HPs)
             Began as a Deep Elf Fire Elementalist on Oct 23, 2015.
             Was the Champion of Vehumet.
             Escaped with the Orb!
             The game lasted 04:09:15 (6696 turns).

Ponchio the Archmage (Deep Elf Fire Elementalist)   Turns: 6696, Time: 04:09:15

Health: 89/89      AC: 11    Str: 13      XL:     19   Next: 49%
Magic:  51/51      EV: 32    Int: 45 (46) God:    Vehumet [******]
Gold:   0          SH:  0    Dex: 16      Spells: 12 memorised, 3 levels left

rFire  + + .     SeeInvis .     J - +6 Majin-Bo {vamp, Archmagi MP+6 Int+6}
rCold  + + .     Clarity  .     y - +2 robe {rN+}
rNeg   + + +     SustAb   .     (no shield)
rPois  +         Gourm    .     A - +1 helmet {Int+3}
rElec  .         Spirit   .     S - +1 cloak of Nihilism {rN+}
rCorr  .         Warding  .     (no gloves)
rMut   +         NoTele   +     U - +2 pair of boots {Stlth+}
MR     +++..                    F - amulet "Paysmoosymm" {rMut rF+ Str+4}
Stlth  +.........               a - ring of Ydo Schaakh {rC+ rN+ MR+ Str+3 Int+10 Stlth-}
                                H - ring of Xom's Capriciousness {rPois rF+ rC+ MR+}

@: very slightly contaminated, deflect missiles, extremely resistant to hostile
enchantments, very unstealthy
A: no striking features
a: Renounce Religion
0: Orb of Zot


You escaped.
You worshipped Vehumet.
Vehumet was exalted by your worship.
You were not hungry.

You visited 1 branch

Inventory:

Hand weapons
 J - the +6 Majin-Bo (weapon) {vamp, Archmagi MP+6 Int+6}
   (You found it in the Dungeon)

   It inflicts no extra harm, but heals its wielder somewhat when it strikes a
   living foe.
   It affects your intelligence (+6).
   It affects your magic capacity (+6).
Armour
 k - the cursed +2 robe of Styhiteju {rC+ Regen+ Str+6}
   (You found it in the Dungeon)

   It affects your strength (+6).
   It protects you from cold.
   It increases your rate of regeneration.
   It has a curse placed upon it.
 y - a +2 robe of positive energy (worn)
 A - a +1 helmet of intelligence (worn)
 S - the +1 cloak of Nihilism (worn) {rN+}
   (You found it in the Dungeon)

   It protects you from negative energy.
 U - a +2 pair of boots of stealth (worn)
Jewellery
 a - the ring of Ydo Schaakh (right hand) {rC+ rN+ MR+ Str+3 Int+10 Stlth-}
   (You found it in the Dungeon)

   [ring of protection from cold]

   It affects your strength (+3).
   It affects your intelligence (+10).
   It protects you from cold.
   It protects you from negative energy.
   It affects your resistance to hostile enchantments.
   It makes you less stealthy.
 e - an uncursed ring of protection from fire
 F - the amulet "Paysmoosymm" (around neck) {rMut rF+ Str+4}
   (You took it off a guardian mummy in the Dungeon)

   [amulet of resist mutation]

   It protects you from mutation.
   It affects your strength (+4).
   It protects you from fire.
 H - the ring of Xom's Capriciousness (left hand) {rPois rF+ rC+ MR+}
   (You found it in the Dungeon)

   [ring of protection from magic]

   It protects you from fire.
   It protects you from cold.
   It protects you from poison.
   It affects your resistance to hostile enchantments.
 M - a cursed amulet of clarity
 P - a cursed ring of see invisible
Magical devices
 h - a wand of heal wounds (7)
Scrolls
 i - 3 scrolls of blinking
 j - 4 scrolls of enchant armour
 q - a scroll of amnesia
 s - 8 scrolls of fog
 t - a scroll of holy word
 u - 4 scrolls of identify
 v - 2 scrolls of remove curse
 w - 2 scrolls of fear
Potions
 d - 2 potions of curing
 f - 3 potions of haste
 g - 7 potions of magic
 l - 2 potions of restore abilities
 m - 3 potions of resistance
 o - 5 potions of agility
 p - 6 potions of heal wounds
Books
 b - a Necronomicon

   Spells                             Type                      Level
   a - Haunt                          Necromancy/Summoning         7
   b - Borgnjor's Revivification      Necromancy                   8
   c - Death's Door                   Charms/Necromancy            8
   d - Necromutation                  Transmutation/Necromancy     8
 B - a book of Dreams

   Spells                             Type                      Level
   a - Ensorcelled Hibernation        Hexes/Ice                    2
   b - Flight                         Charms/Air                   3
   c - Phase Shift                    Translocation                5
   d - Shadow Creatures               Summoning                    5
   e - Mass Confusion                 Hexes                        6
   f - Darkness                       Hexes                        7
 D - a book of Annihilations

   Spells                             Type                      Level
   a - Poison Arrow                   Conjuration/Poison           6
   b - Chain Lightning                Conjuration/Air              8
   c - Lehudib's Crystal Spear        Conjuration/Earth            8
   d - Glaciate                       Conjuration/Ice              9
   e - Fire Storm                     Conjuration/Fire             9
 E - Kikubaaqudgha's Collected Works on Necromancy
   (You found it in the Dungeon)

   Spells                             Type                      Level
   a - Animate Skeleton               Necromancy                   1
   b - Pain                           Necromancy                   1
   c - Sublimation of Blood           Necromancy                   2
   d - Control Undead                 Necromancy                   4
   e - Cigotuvi's Embrace             Necromancy                   5
   f - Death Channel                  Necromancy                   6
 L - a book of Ice

   Spells                             Type                      Level
   a - Ice Form                       Ice/Transmutation            4
   b - Metabolic Englaciation         Hexes/Ice                    5
   c - Ozocubu's Refrigeration        Ice                          6
   d - Bolt of Cold                   Conjuration/Ice              6
   e - Freezing Cloud                 Conjuration/Ice/Air          6
   f - Simulacrum                     Ice/Necromancy               6
 N - a book of Maledictions

   Spells                             Type                      Level
   a - Corona                         Hexes                        1
   b - Sure Blade                     Hexes/Charms                 2
   c - Ensorcelled Hibernation        Hexes/Ice                    2
   d - Confuse                        Hexes                        3
   e - Dazzling Spray                 Conjuration/Hexes            3
   f - Enslavement                    Hexes                        4
 O - a book of Enchantments

   Spells                             Type                      Level
   a - Tukima's Dance                 Hexes                        3
   b - Cause Fear                     Hexes                        4
   c - Silence                        Hexes/Air                    5
   d - Deflect Missiles               Charms/Air                   6
   e - Haste                          Charms                       6
   f - Discord                        Hexes                        8
 Q - a book of Debilitation

   Spells                             Type                      Level
   a - Corona                         Hexes                        1
   b - Slow                           Hexes                        2
   c - Inner Flame                    Hexes/Fire                   3
   d - Enslavement                    Hexes                        4
   e - Cause Fear                     Hexes                        4
   f - Leda's Liquefaction            Hexes/Earth                  4
 V - the Guide on Enhancements and Cold
   (You found it in the Dungeon)

   Spells                             Type                      Level
   a - Shroud of Golubria             Charms/Translocation         2
   b - Swiftness                      Charms/Air                   2
   c - Throw Frost                    Conjuration/Ice              2
   d - Control Teleport               Charms/Translocation         4
   e - Ice Form                       Ice/Transmutation            4
   f - Bolt of Cold                   Conjuration/Ice              6
 X - a book of Geomancy

   Spells                             Type                      Level
   a - Sandblast                      Earth                        1
   b - Stoneskin                      Transmutation/Earth          2
   c - Passwall                       Transmutation/Earth          3
   d - Stone Arrow                    Conjuration/Earth            3
   e - Petrify                        Transmutation/Earth          4
   f - Lee's Rapid Deconstruction     Earth                        5
 Z - the Disquisition on Self-Improvement
   (You found it in the Dungeon)

   Spells                             Type                      Level
   a - Song of Slaying                Charms                       2
   b - Sure Blade                     Hexes/Charms                 2
   c - Regeneration                   Charms/Necromancy            3
   d - Excruciating Wounds            Charms/Necromancy            5
Miscellaneous
 n - a lamp of fire
 C - 4 phantom mirrors
 K - a stone of tremors
 T - a phial of floods
 W - a fan of gales
Comestibles
 c - 5 bread rations
 x - 27 fruits
 z - 3 meat rations


   Skills:
 O Level 27 Dodging
 - Level 2.4 Stealth
 O Level 27 Spellcasting
 O Level 27 Conjurations
 O Level 27 Charms
 O Level 27 Necromancy
 O Level 27 Transmutations
 - Level 21.3 Fire Magic
 - Level 22.9 Ice Magic
 - Level 10.6 Air Magic
 - Level 9.1 Earth Magic
 + Level 22.1 Evocations


You had 3 spell levels left.
You knew the following spells:

 Your Spells              Type           Power        Failure   Level  Hunger
a - Flame Tongue          Conj/Fire      #####        0%          1    None
b - Fireball              Conj/Fire      #########.   0%          5    None
c - Freeze                Ice            ####         0%          1    None
d - Flight                Chrm/Air       ########..   0%          3    None
e - Necromutation         Trmt/Necr      #########.   1%          8    None
f - Deflect Missiles      Chrm/Air       ########..   1%          6    None
g - Death's Door          Chrm/Necr      #########.   1%          8    None
h - Fire Storm            Conj/Fire      #########.   1%          9    None
i - Lee's Rapid Deconstr  Erth           ########..   1%          5    None
k - Haste                 Chrm           ########     0%          6    None
l - Glaciate              Conj/Ice       #########.   1%          9    None
m - Lehudib's Crystal Sp  Conj/Erth      ########..   1%          8    None


Dungeon Overview and Level Annotations

Branches:
Dungeon (1/1)

Altars:
Ashenzari
Cheibriados
Dithmenos
Elyvilon
Fedhas
Gozag
Kikubaaqudgha
Makhleb
Nemelex Xobeh
Okawaru
Qazlal
Ru
Sif Muna
Trog
Vehumet
Xom
Yredelemnul
Zin
The Shining One
Beogh
Jiyva
Lugonu


Message History

Your wand of heal wounds (1) glows for a moment and now has 7 charges.
Casting: Fire Storm
Confirm with . or Enter, or press ? or * to list all spells.
Aiming: Haste
Press: ? - help, Shift-Dir - straight line, f - you You feel a surge of power!
You feel yourself speed up.
You are very lightly contaminated with residual magic.
You start resting.
Magic restored.
An exit appears before you!
Your surroundings seem different!
Found the Orb of Zot.
Found a staircase leading out of the dungeon.
You see here the Orb of Zot.
You pick up the Orb of Zot!
The orb lets out a hideous shriek!
The lords of Pandemonium are not amused.
Beware!
Now all you have to do is get back out of the dungeon!
Your extra speed is starting to run out.
You feel yourself slow down.
There is a staircase leading out of the dungeon here.
You have escaped!

............▓..▓.......▓..▓...8©8
............▓.▓▓▓.....▓▓▓.▓..|=?=
............▓..▓.......▓..▓..)|[}
............▓.............▓....†.
............▓.............▓...††.
............▓▓▓▓▓▓▓▓▓▓▓▓▓▓▓....†.
▓.......▓...▓8888888888888▓......
.▓.....▓.▓..▓8...........8▓......
▓.......▓...▓8..@........8▓.▓....
............▓8...........8▓......
............▓8888888888888▓▓▓▓▓▓▓
▓▓▓▓▓▓▓▓▓▓▓▓▓▓▓▓▓▓▓▓▓▓▓▓▓▓▓▓▓▓▓▓▓
.....8©8........▓........8©8.....
.}:.)?..[?)...?.▓.})}.|.).=.):"..
|.)):))))):..:}.▓.[|).:.|)}.[[...
))))))))).).:.).▓..":.[.[)[[=}.=.
).))())).)))....▓.......[))))....


There were no monsters in sight!

Vanquished Creatures
  An ancient lich (D)
  3 greater mummies (D)
  18 pandemonium lords (D)
  2 golden dragons (D)
  2 bone dragons (D)
  An electric golem (D)
  A Brimstone Fiend (D)
  A lich (D)
  A tentacled monstrosity (D)
  2 deep elf master archers (D)
  A deep elf blademaster (D)
  A Shadow Fiend (D)
  An eldritch tentacle (D)
  7 titans (D)
  4 quicksilver dragons (D)
  3 krakens (D)
  A storm dragon (D)
  8 tentacled starspawn (D)
  2 azure jellies (D)
  A revenant (D)
  2 frost giants (D)
  A deep elf sorcerer (D)
  4 fire giants (D)
  2 iron dragons (D)
  3 emperor scorpions (D)
  A cacodemon (D)
  3 orc warlords (D)
  6 reapers (D)
  A draconian zealot (D)
  3 very ugly things (D)
  2 ghost moths (D)
  13 stone giants (D)
  An ophan (D)
  4 green draconians (D)
  2 starcursed masses (D)
  A black draconian (D)
  A lorocyproca (D)
  2 yellow draconians (D)
  4 grey draconians (D)
  2 pale draconians (D)
  2 purple draconians (D)
  A mottled draconian (D)
  A white draconian (D)
  5 red draconians (D)
  A black sun (D)
  A green death (D)
  3 ettins (D)
  A crystal guardian (D)
  8 mummy priests (D)
  2 death oozes (D)
  3 ice dragons (D)
  A hydra (D)
  A ghost crab (shapeshifter) (D)
  A rakshasa (D)
  11 thrashing horrors (D)
  A hell hog (D)
  2 orc high priests (D)
  2 soul eaters (D)
  2 deep elf knights (D)
  3 iron golems (D)
  3 shadow wraiths (D)
  3 wretched stars (D)
  A sun demon (D)
  An unseen horror (D)
  An infernal demonspawn (D)
  A deep elf summoner (D)
  An ice devil (D)
  A flayed ghost (D)
  8 anubis guards (D)
  A sea snake (shapeshifter) (D)
  3 giant orange brains (D)
  8 orc knights (D)
  A hill giant (D)
  A manticore (shapeshifter) (D)
  6 worldbinders (D)
  An air elemental (D)
  2 wolf spiders (shapeshifter) (D)
  An ugly thing (D)
  5 orb spiders (D)
  A phantasmal warrior (D)
  A griffon (D)
  2 hornets (D)
  A manticore (D)
  3 sixfirhies (D)
  A stone giant zombie (D)
  3 wolf spiders (D)
  2 orc sorcerers (D)
  13 cyclopes (D)
  2 shining eyes (D)
  An elephant (shapeshifter) (D)
  An elephant (D)
  3 rust devils (D)
  8 moths of wrath (D)
  A naga mage (D)
  3 orange demons (D)
  2 apocalypse crabs (D)
  3 black mambas (D)
  3 spiny frogs (D)
  3 gargoyles (D)
  3 smoke demons (D)
  A spiny frog (shapeshifter) (D)
  A torpor snail (shapeshifter) (D)
  2 efreet (D)
  A komodo dragon (D)
  A demonic crawler (D)
  4 hellwings (D)
  2 red devils (D)
  6 ancient zymes (D)
  4 deep elf priests (D)
  5 guardian mummies (D)
  4 merfolk (D)
  A slime creature (shapeshifter) (D)
  2 raiju (D)
  A moth of wrath zombie (D)
  50 fire vortices (D)
  3 jumping spiders (D)
  A raven (shapeshifter) (D)
  2 blink frogs (D)
  A blink frog (shapeshifter) (D)
  A boulder beetle (D)
  7 slime creatures (D)
  3 ushabtiu (D)
  5 flying skulls (D)
  3 wraiths (D)
  A yak (D)
  2 spriggans (D)
  A tarantella (D)
  6 trapdoor spiders (D)
  8 ynoxinuls (D)
  5 redbacks (D)
  2 deep elf magi (D)
  3 shadows (D)
  A golden eye (D)
  A chaos spawn (D)
  A fire bat (D)
  3 neqoxecs (D)
  2 hippogriffs (D)
  A naga (D)
  17 small abominations (D)
  A porcupine (D)
  4 water moccasins (D)
  An ice beast (D)
  7 large abominations (D)
  3 ogres (D)
  A wasp (D)
  An eye of draining (D)
  4 orc warriors (D)
  A centaur (D)
  A spider (D)
  A necrophage (D)
  3 crocodiles (D)
  2 giant frogs (D)
  An earth elemental (D)
  A scorpion (D)
  A wight (D)
  7 jellies (D)
  4 quasits (D)
  9 iron imps (D)
  2 orc priests (D)
  An ogre zombie (D)
  16 mummies (D)
  3 adders (D)
  2 river rats (D)
  5 white imps (D)
  17 ufetubi (D)
  An adder skeleton (D)
  3 adder zombies (D)
  3 oozes (D)
  16 orcs (D)
  2 ball pythons (D)
  4 bat skeletons (D)
  2 goblins (D)
  A hobgoblin (D)
  3 quokkas (D)
  2 giant cockroach zombies (D)
  A giant gecko simulacrum (D)
  A giant gecko skeleton (D)
  A giant gecko zombie (D)
  A jackal skeleton (D)
  2 lurking horrors (D)
  5 orc zombies (D)
  2 quokka zombies (D)
  12 blocks of ice (D)
  2 crawling corpses (D)
  6 fungi (D)
  5 starspawn tentacles (D)
  A starspawn tentacle segment (D)
  A tentacle (D)
  A tentacle segment (D)
622 creatures vanquished.

Vanquished Creatures (collateral kills)
  A tentacled starspawn (D)
  An orc warlord (D)
  A reaper (D)
  A green draconian (D)
  A red draconian (D)
  A freezing wraith (D)
  A guardian mummy (D)
  A blue devil (D)
  An ushabti (D)
  A raiju (D)
  A trapdoor spider (D)
  A shadow (D)
  3 mummies (D)
  3 ufetubi (D)
  3 orcs (D)
  A bat zombie (D)
  A ball python skeleton (D)
  A ball python zombie (D)
  A bat simulacrum (D)
  A giant cockroach zombie (D)
  A giant gecko skeleton (D)
  A giant gecko zombie (D)
  4 orc zombies (D)
  3 starspawn tentacles (D)
  A starspawn tentacle segment (D)
36 creatures vanquished.

Vanquished Creatures (others)
  A pandemonium lord (D)
  A yellow draconian (D)
  4 air elementals (D)
  2 water elementals (D)
  188 fire vortices (D)
  A lurking horror (D)
  3 blocks of ice (D)
  17 eldritch tentacle segments (D)
  18 starspawn tentacles (D)
  200 starspawn tentacle segments (D)
  22 tentacles (D)
  39 tentacle segments (D)
496 creatures vanquished.

Grand Total: 1154 creatures vanquished

Notes
Turn   | Place    | Note
--------------------------------------------------------------
     0 | D        | Ponchio, the Deep Elf Fire Elementalist, began the quest for the Orb.
     0 | D        | Reached XP level 1. HP: 10/10 MP: 5/5
     0 | D        | Found a viscous altar of Jiyva.
     0 | D        | Found a corrupted altar of Lugonu.
     0 | D        | Found a white marble altar of Elyvilon.
     1 | D        | Found a burning altar of Makhleb.
     1 | D        | Found an iron altar of Okawaru.
     3 | D        | Found a sparkling altar of Nemelex Xobeh.
     3 | D        | Found a basalt altar of Yredelemnul.
     3 | D        | Found a deep blue altar of Sif Muna.
     3 | D        | Found a radiant altar of Vehumet.
     7 | D        | Found a bloodstained altar of Trog.
    24 | D        | Found a shimmering altar of Xom.
    34 | D        | Became a worshipper of Vehumet
    58 | D        | Reached skill level 8 in Evocations
    58 | D        | Reached XP level 2. HP: 15/15 MP: 6/8
   115 | D        | Entered arena 1.
   115 | D        | Noticed a spriggan
   115 | D        | Noticed a spriggan
   120 | D        | Killed a spriggan
   120 | D        | Reached skill level 5 in Conjurations
   120 | D        | Reached XP level 3. HP: 16/19 MP: 16/17
   120 | D        | Reached XP level 4. HP: 20/24 MP: 18/20
   120 | D        | Reached XP level 5. HP: 23/28 MP: 19/22
   123 | D        | Killed a spriggan
   123 | D        | Reached skill level 9 in Spellcasting
   123 | D        | Reached XP level 6. HP: 21/32 MP: 19/25
   141 | D        | Learned a level 5 spell: Fireball
   237 | D        | Entered arena 2.
   237 | D        | Noticed a draconian
   237 | D        | Noticed a draconian
   237 | D        | Noticed a grey draconian
   244 | D        | Entered arena 3.
   244 | D        | Noticed an orc sorcerer
   244 | D        | Noticed a deep elf priest
   244 | D        | Noticed a deep elf knight
   245 | D        | Killed a deep elf priest
   245 | D        | Acquired Vehumet's first power
   245 | D        | Offered knowledge of Freeze by Vehumet.
   245 | D        | Reached skill level 10 in Spellcasting
   245 | D        | Reached XP level 7. HP: 24/36 MP: 18/28
   246 | D        | Killed an orc sorcerer
   246 | D        | Reached skill level 11 in Dodging
   247 | D        | Killed a deep elf knight
   247 | D        | Reached skill level 12 in Dodging
   247 | D        | Reached skill level 13 in Spellcasting
   247 | D        | Reached XP level 8. HP: 15/41 MP: 14/31
   253 | D        | Identified Sif Muna's Volume of Protection (You found it in the Dungeon)
   499 | D        | Learned a level 1 spell: Freeze
   503 | D        | Learned a level 3 spell: Flight
   504 | D        | Entered arena 4.
   504 | D        | Noticed a slime creature
   504 | D        | Noticed a jelly
   504 | D        | Noticed a jelly
   505 | D        | Killed a jelly
   505 | D        | Offered knowledge of Magic Dart by Vehumet.
   505 | D        | Killed a jelly
   507 | D        | Killed a slime creature
   507 | D        | Reached skill level 1 in Ice Magic
   507 | D        | Reached skill level 1 in Air Magic
   627 | D        | Entered arena 5.
   627 | D        | Noticed an orc high priest
   627 | D        | Noticed a deep elf priest
   627 | D        | Noticed a deep elf mage
   628 | D        | Noticed a blue devil
   628 | D        | Killed a deep elf mage
   628 | D        | Offered knowledge of Throw Frost by Vehumet.
   628 | D        | Acquired Vehumet's second power
   629 | D        | Killed a deep elf priest
   629 | D        | Reached skill level 5 in Charms
   629 | D        | Reached XP level 9. HP: 39/45 MP: 29/32
   629 | D        | Killed an orc high priest
   629 | D        | Reached skill level 5 in Air Magic
   637 | D        | Learned a level 6 spell: Bolt of Cold
   659 | D        | Learned a level 6 spell: Deflect Missiles
   708 | D        | Got the amulet of Twilight {rMut rF+ MP+9 Dex-4}
   781 | D        | Entered arena 6.
   781 | D        | Noticed a quasit
   782 | D        | Acquired Vehumet's third power
   783 | D        | Killed a quasit
   790 | D        | Got the +1 cloak of Nihilism {rN+}
   797 | D        | Identified the Grimoire of Frigorific Talismans (You found it in the Dungeon)
   850 | D        | Entered arena 7.
   850 | D        | Noticed a hippogriff
   850 | D        | Noticed a merfolk
   850 | D        | Noticed a centaur
   850 | D        | Noticed a hippogriff
   850 | D        | Noticed a merfolk
   850 | D        | Noticed a merfolk
   851 | D        | Killed a centaur
   851 | D        | Offered knowledge of Throw Icicle by Vehumet.
   852 | D        | Killed a merfolk
   852 | D        | Killed a hippogriff
   852 | D        | Killed a merfolk
   854 | D        | Killed a hippogriff
   854 | D        | Reached skill level 14 in Spellcasting
   854 | D        | Killed a merfolk
  1025 | D        | Entered arena 8.
  1025 | D        | Noticed a gargoyle
  1025 | D        | Noticed an earth elemental
  1025 | D        | Noticed an earth elemental
  1025 | D        | Noticed an earth elemental
  1025 | D        | Noticed a toenail golem
  1025 | D        | Noticed a toenail golem
  1025 | D        | Noticed an earth elemental
  1037 | D        | Entered arena 9.
  1037 | D        | Noticed a naga mage
  1037 | D        | Noticed a water moccasin
  1037 | D        | Noticed a black mamba
  1037 | D        | Noticed a black mamba
  1037 | D        | Noticed a water moccasin
  1037 | D        | Noticed a naga
  1038 | D        | Offered knowledge of Venom Bolt by Vehumet.
  1038 | D        | Killed a water moccasin
  1038 | D        | Killed a water moccasin
  1039 | D        | Killed a black mamba
  1039 | D        | Reached XP level 10. HP: 44/50 MP: 34/34
  1041 | D        | Killed a naga mage
  1041 | D        | Reached skill level 15 in Spellcasting
  1042 | D        | Killed a naga
  1044 | D        | Killed a black mamba
  1044 | D        | Reached skill level 10 in Evocations
  1300 | D        | Identified the Guide on Enhancements and Cold (You found it in the Dungeon)
  1413 | D        | Entered arena 10.
  1413 | D        | Noticed a jelly
  1413 | D        | Noticed an eye of draining
  1413 | D        | Noticed a slime creature
  1413 | D        | Noticed a slime creature
  1413 | D        | Noticed a golden eye
  1413 | D        | Noticed a slime creature
  1413 | D        | Noticed a slime creature
  1414 | D        | Killed a jelly
  1414 | D        | Offered knowledge of Poisonous Cloud by Vehumet.
  1414 | D        | Killed a golden eye
  1414 | D        | Killed an eye of draining
  1415 | D        | Killed a slime creature
  1416 | D        | Killed a slime creature
  1416 | D        | Killed a slime creature
  1417 | D        | Killed a slime creature
  1417 | D        | Reached skill level 16 in Spellcasting
  1439 | D        | Identified the Disquisition on Self-Improvement (You found it in the Dungeon)
  1450 | D        | Learned a level 3 spell: Regeneration
  1596 | D        | Entered arena 11.
  1596 | D        | Noticed a jelly
  1596 | D        | Noticed a death ooze
  1596 | D        | Noticed a jelly
  1596 | D        | Noticed a jelly
  1596 | D        | Noticed an azure jelly
  1596 | D        | Noticed a shining eye
  1596 | D        | Noticed an azure jelly
  1596 | D        | Noticed a slime creature
  1597 | D        | Killed a jelly
  1597 | D        | Offered knowledge of Delayed Fireball by Vehumet.
  1597 | D        | Killed a jelly
  1598 | D        | Noticed a death ooze
  1598 | D        | Noticed a slime creature
  1598 | D        | Killed an azure jelly
  1598 | D        | Reached skill level 5 in Fire Magic
  1598 | D        | Killed a death ooze
  1598 | D        | Reached skill level 17 in Spellcasting
  1598 | D        | Reached XP level 11. HP: 49/54 MP: 37/37
  1598 | D        | Killed a shining eye
  1598 | D        | Killed a slime creature
  1599 | D        | Killed an azure jelly
  1600 | D        | Killed a jelly
  1602 | D        | Killed a death ooze
  1602 | D        | Reached skill level 15 in Dodging
  1602 | D        | Reached skill level 18 in Spellcasting
  1603 | D        | Killed a slime creature
  1712 | D        | Entered arena 12.
  1712 | D        | Noticed a blink frog
  1712 | D        | Noticed a blink frog
  1712 | D        | Noticed a giant frog
  1712 | D        | Noticed a spiny frog
  1712 | D        | Noticed a porcupine
  1712 | D        | Noticed a water moccasin
  1713 | D        | Killed a giant frog
  1713 | D        | Killed a porcupine
  1713 | D        | Killed a blink frog
  1714 | D        | Noticed a crocodile
  1714 | D        | Killed a blink frog
  1715 | D        | Noticed a yak
  1715 | D        | Killed a water moccasin
  1715 | D        | Killed a spiny frog
  1716 | D        | Killed a crocodile
  1718 | D        | Killed a yak
  1790 | D        | Identified the Tome of Bewitching Attacks (You found it in the Dungeon)
  1803 | D        | Entered arena 13.
  1803 | D        | Noticed a deep elf blademaster
  1806 | D        | Noticed a deep elf master archer
  1808 | D        | Noticed a deep elf summoner
  1808 | D        | Noticed a deep elf knight
  1808 | D        | Noticed a deep elf master archer
  1808 | D        | Killed a deep elf master archer
  1808 | D        | Killed a deep elf blademaster
  1808 | D        | Offered knowledge of Irradiate by Vehumet.
  1808 | D        | Reached skill level 19 in Spellcasting
  1808 | D        | Reached skill level 10 in Air Magic
  1808 | D        | Reached XP level 12. HP: 44/59 MP: 39/39
  1809 | D        | Noticed a deep elf sorcerer
  1810 | D        | Killed a deep elf summoner
  1810 | D        | Killed a deep elf knight
  1810 | D        | Killed a deep elf master archer
  1810 | D        | Reached skill level 20 in Spellcasting
  1811 | D        | Noticed a deep elf priest
  1811 | D        | Killed a deep elf sorcerer
  1811 | D        | Reached skill level 15 in Conjurations
  1812 | D        | Noticed a deep elf mage
  1812 | D        | Killed a deep elf mage
  1812 | D        | Reached skill level 10 in Fire Magic
  1812 | D        | Killed a deep elf priest
  2061 | D        | Got the ring of Ydo Schaakh {rC+ rN+ MR+ Str+3 Int+10 Stlth-}
  2087 | D        | Identified Kikubaaqudgha's Collected Works on Necromancy (You found it in the Dungeon)
  2104 | D        | Got the ring of Tairaasu {-Cast rPois rC+ rN++ Int+4}
  2117 | D        | Entered arena 14.
  2117 | D        | Noticed a red draconian
  2117 | D        | Noticed a grey draconian
  2117 | D        | Noticed a yellow draconian
  2119 | D        | Noticed a green draconian
  2119 | D        | Noticed a white draconian
  2120 | D        | Noticed a green draconian
  2120 | D        | Noticed a red draconian
  2120 | D        | Noticed a yellow draconian
  2120 | D        | Killed a grey draconian
  2120 | D        | Offered knowledge of Conjure Ball Lightning by Vehumet.
  2121 | D        | Killed a green draconian
  2121 | D        | Killed a yellow draconian
  2122 | D        | Noticed a red draconian
  2122 | D        | Noticed a white draconian zealot
  2122 | D        | Noticed a pale draconian
  2123 | D        | Noticed a grey draconian
  2124 | D        | Noticed a mottled draconian
  2124 | D        | Killed a white draconian
  2126 | D        | Killed a red draconian
  2131 | D        | Killed a red draconian
  2136 | D        | Killed a grey draconian
  2136 | D        | Reached skill level 15 in Fire Magic
  2137 | D        | Killed a white draconian zealot
  2137 | D        | Reached XP level 13. HP: 55/63 MP: 30/40
  2139 | D        | Killed a pale draconian
  2140 | D        | Killed a red draconian
  2143 | D        | Killed a green draconian
  2145 | D        | Killed a mottled draconian
  2146 | D        | Killed a yellow draconian
  2360 | D        | Identified the Disquisition on the Entourage and the Voyage (You found it in the Dungeon)
  2375 | D        | Learned a level 9 spell: Fire Storm
  2392 | D        | Entered arena 15.
  2392 | D        | Noticed a quicksilver dragon
  2392 | D        | Noticed an iron golem
  2392 | D        | Noticed a quicksilver dragon
  2393 | D        | Noticed an iron dragon
  2393 | D        | Noticed an iron golem
  2393 | D        | Noticed a gargoyle
  2393 | D        | Noticed an iron golem
  2393 | D        | Killed a gargoyle
  2393 | D        | Killed a gargoyle
  2393 | D        | Killed a gargoyle
  2393 | D        | Killed a quicksilver dragon
  2393 | D        | Offered knowledge of Bolt of Fire by Vehumet.
  2394 | D        | Killed a quicksilver dragon
  2394 | D        | Reached skill level 21 in Spellcasting
  2395 | D        | Noticed a crystal guardian
  2395 | D        | Noticed a quicksilver dragon
  2395 | D        | Noticed a quicksilver dragon
  2395 | D        | Noticed an earth elemental
  2395 | D        | Killed an iron dragon
  2395 | D        | Killed a quicksilver dragon
  2395 | D        | Killed an earth elemental
  2395 | D        | Killed a quicksilver dragon
  2397 | D        | Noticed an iron dragon
  2403 | D        | Killed an iron golem
  2403 | D        | Reached skill level 22 in Spellcasting
  2403 | D        | Killed an iron dragon
  2403 | D        | Killed a crystal guardian
  2403 | D        | Killed an iron golem
  2403 | D        | Killed an iron golem
  2520 | D        | Entered arena 16.
  2522 | D        | Noticed a water moccasin
  2522 | D        | Noticed a komodo dragon
  2523 | D        | Noticed an elephant
  2523 | D        | Noticed a crocodile
  2523 | D        | Noticed a giant frog
  2523 | D        | Noticed a black mamba
  2523 | D        | Noticed a crocodile
  2524 | D        | Noticed a spiny frog
  2524 | D        | Killed an elephant
  2524 | D        | Killed a spiny frog
  2524 | D        | Killed a black mamba
  2524 | D        | Killed a crocodile
  2524 | D        | Killed a komodo dragon
  2524 | D        | Killed a giant frog
  2524 | D        | Killed a griffon
  2524 | D        | Reached XP level 14. HP: 68/68 MP: 42/42
  2524 | D        | Killed a water moccasin
  2526 | D        | Noticed a spiny frog
  2530 | D        | Killed a crocodile
  2531 | D        | Killed a spiny frog
  2709 | D        | Learned a level 5 spell: Lee's Rapid Deconstruction
  2714 | D        | Learned a level 4 spell: Condensation Shield
  2780 | D        | Entered arena 17.
  2782 | D        | Noticed a blink frog
  2782 | D        | Noticed an elephant
  2782 | D        | Noticed a wolf spider
  2783 | D        | Noticed a spiny frog
  2783 | D        | Noticed a white ugly thing
  2783 | D        | Noticed a sea snake
  2783 | D        | Killed a blink frog
  2783 | D        | Reached skill level 23 in Spellcasting
  2783 | D        | Killed a wolf spider
  2783 | D        | Killed a spiny frog
  2783 | D        | Killed an elephant
  2783 | D        | Killed a sea snake
  2783 | D        | Killed a shining eye
  2783 | D        | Killed a white ugly thing
  2784 | D        | Noticed a ghost crab
  2784 | D        | Noticed a wolf spider
  2784 | D        | Noticed a slime creature
  2784 | D        | Killed a wolf spider
  2784 | D        | Offered knowledge of Orb of Destruction by Vehumet.
  2784 | D        | Killed a ghost crab
  2784 | D        | Killed a neqoxec
  2784 | D        | Killed a slime creature
  2784 | D        | Killed a neqoxec
  2785 | D        | Noticed a raven
  2785 | D        | Noticed a white very ugly thing
  2785 | D        | Killed a white very ugly thing
  2785 | D        | Reached skill level 24 in Spellcasting
  2785 | D        | Killed a raven
  2785 | D        | Killed a red very ugly thing
  2785 | D        | Killed a cyan very ugly thing
  2832 | D        | Got the ring "Qariudaot" {Ice rElec Int+2}
  2849 | D        | Learned a level 6 spell: Haste
  2859 | D        | Learned a level 9 spell: Glaciate
  2899 | D        | Entered arena 18.
  2901 | D        | Noticed an iron imp
  2901 | D        | Noticed a rust devil
  2902 | D        | Noticed a reaper
  2902 | D        | Noticed an ice devil
  2902 | D        | Noticed a red devil
  2902 | D        | Killed an iron imp
  2902 | D        | Killed a red devil
  2902 | D        | Killed an ice devil
  2903 | D        | Noticed an iron imp
  2903 | D        | Killed a reaper
  2903 | D        | Killed an iron imp
  2903 | D        | Killed an iron imp
  2903 | D        | Killed a rust devil
  2903 | D        | Killed an iron imp
  2904 | D        | Noticed a reaper
  2907 | D        | Noticed a rust devil
  2908 | D        | Killed a reaper
  2908 | D        | Reached skill level 10 in Ice Magic
  2914 | D        | Killed a rust devil
  2917 | D        | Noticed an iron imp
  2917 | D        | Noticed a freezing wraith
  2919 | D        | Killed a freezing wraith
  2920 | D        | Killed an iron imp
  3279 | D        | Identified the Guide on Dusty Transmutation (You found it in the Dungeon)
  3325 | D        | Entered arena 19.
  3329 | D        | Noticed a black draconian
  3329 | D        | Noticed an ice dragon
  3329 | D        | Noticed a green draconian
  3330 | D        | Noticed a red draconian
  3330 | D        | Noticed a storm dragon
  3330 | D        | Noticed a yellow draconian
  3330 | D        | Noticed a green draconian
  3331 | D        | Noticed a grey draconian
  3331 | D        | Noticed a red draconian
  3334 | D        | Noticed a moth of wrath
  3334 | D        | Noticed a golden dragon
  3334 | D        | Noticed an electric golem
  3334 | D        | Noticed a green draconian
  3334 | D        | Killed a moth of wrath
  3334 | D        | Offered knowledge of Spellforged Servitor by Vehumet.
  3334 | D        | Killed a grey draconian
  3334 | D        | Killed a purple draconian
  3334 | D        | Killed a yellow draconian
  3335 | D        | Noticed a grey draconian
  3335 | D        | Noticed an ice dragon
  3335 | D        | Noticed a red draconian
  3335 | D        | Killed a black draconian
  3335 | D        | Killed a storm dragon
  3335 | D        | Killed a green draconian
  3335 | D        | Reached skill level 15 in Ice Magic
  3335 | D        | Killed a green draconian
  3335 | D        | Killed a red draconian
  3335 | D        | Killed a grey draconian
  3335 | D        | Killed an ice dragon
  3335 | D        | Killed an ice dragon
  3336 | D        | Killed a green draconian
  3337 | D        | Noticed a golden dragon
  3337 | D        | Noticed a tentacled monstrosity
  3338 | D        | Killed an electric golem
  3338 | D        | Killed a red draconian
  3338 | D        | Reached XP level 15. HP: 34/72 MP: 43/43
  3339 | D        | Killed a golden dragon
  3339 | D        | Killed a tentacled monstrosity
  3339 | D        | Killed an ice dragon
  3341 | D        | Killed a red draconian
  3348 | D        | Killed a golden dragon
  3353 | D        | Noticed a pale draconian
  3353 | D        | Killed a pale draconian
  3356 | D        | Noticed a purple draconian
  3359 | D        | Killed a purple draconian
  3707 | D        | Entered arena 20.
  3710 | D        | Noticed a sixfirhy
  3710 | D        | Noticed Thoozos the pandemonium lord
  3710 | D        | Noticed a green death
  3711 | D        | Noticed Zuqer the pandemonium lord
  3711 | D        | Killed a sixfirhy
  3711 | D        | Reached skill level 1 in Necromancy
  3711 | D        | Killed a green death
  3711 | D        | Killed a hellwing
  3712 | D        | Noticed Khonto the pandemonium lord
  3712 | D        | Noticed a hellwing
  3713 | D        | Noticed Muimpi Feewi the pandemonium lord
  3713 | D        | Noticed Luih Khy the pandemonium lord
  3713 | D        | Noticed Qehinos the pandemonium lord
  3713 | D        | Noticed Tevyr the pandemonium lord
  3713 | D        | Killed Thoozos the pandemonium lord
  3713 | D        | Offered knowledge of Shatter by Vehumet.
  3713 | D        | Offered knowledge of Chain Lightning by Vehumet.
  3713 | D        | Offered knowledge of Tornado by Vehumet.
  3713 | D        | Reached skill level 25 in Spellcasting
  3713 | D        | Killed a hellwing
  3714 | D        | Noticed a sixfirhy
  3714 | D        | Noticed Quetuo the pandemonium lord
  3715 | D        | Noticed an infernal demonspawn
  3715 | D        | Noticed Rilureh the pandemonium lord
  3715 | D        | Noticed Woali the pandemonium lord
  3715 | D        | Noticed Shruffis the pandemonium lord
  3715 | D        | Killed a sixfirhy
  3715 | D        | Killed Muimpi Feewi the pandemonium lord
  3715 | D        | Reached skill level 26 in Spellcasting
  3716 | D        | Noticed Streal the pandemonium lord
  3716 | D        | Noticed Unkalid the pandemonium lord
  3716 | D        | Noticed a sixfirhy
  3716 | D        | Noticed Deifiyz the pandemonium lord
  3717 | D        | Noticed an Ice Fiend
  3717 | D        | Noticed Thohumow the pandemonium lord
  3717 | D        | Killed Quetuo the pandemonium lord
  3717 | D        | Killed an infernal demonspawn
  3719 | D        | Noticed a Brimstone Fiend
  3719 | D        | Killed Tevyr the pandemonium lord
  3719 | D        | Reached skill level 27 in Spellcasting
  3720 | D        | Noticed a Shadow Fiend
  3721 | D        | Noticed Ogyfojoifa the pandemonium lord
  3721 | D        | Killed Shruffis the pandemonium lord
  3721 | D        | Killed Zuqer the pandemonium lord
  3721 | D        | Killed Streal the pandemonium lord
  3721 | D        | Reached XP level 16. HP: 46/76 MP: 45/45
  3721 | D        | Killed Qehinos the pandemonium lord
  3721 | D        | Killed a sixfirhy
  3721 | D        | Killed Unkalid the pandemonium lord
  3723 | D        | Killed Khonto the pandemonium lord
  3723 | D        | Killed Luih Khy the pandemonium lord
  3723 | D        | Killed a Shadow Fiend
  3723 | D        | Killed Rilureh the pandemonium lord
  3723 | D        | Killed Thohumow the pandemonium lord
  3723 | D        | Reached skill level 27 in Necromancy
  3723 | D        | Killed Woali the pandemonium lord
  3724 | D        | Noticed a putrid black sun
  3725 | D        | Killed a putrid black sun
  3725 | D        | Killed a Brimstone Fiend
  3729 | D        | Killed Ogyfojoifa the pandemonium lord
  3730 | D        | Killed Deifiyz the pandemonium lord
  4032 | D        | Learned a level 8 spell: Lehudib's Crystal Spear
  4042 | D        | Learned a level 8 spell: Necromutation
  4084 | D        | Entered arena 21.
  4087 | D        | Noticed a worldbinder
  4087 | D        | Noticed a worldbinder
  4088 | D        | Killed a worldbinder
  4088 | D        | Reached skill level 1 in Earth Magic
  4088 | D        | Killed a worldbinder
  4088 | D        | Killed a wretched star
  4088 | D        | Killed a jelly
  4088 | D        | Killed a large abomination
  4088 | D        | Killed a small abomination
  4088 | D        | Reached skill level 5 in Transmutations
  4089 | D        | Noticed a thrashing horror
  4089 | D        | Killed an iron imp
  4089 | D        | Killed a thrashing horror
  4089 | D        | Killed a thrashing horror
  4089 | D        | Killed a smoke demon
  4089 | D        | Killed a worldbinder
  4089 | D        | Killed a raiju
  4089 | D        | Reached skill level 5 in Earth Magic
  4089 | D        | Killed a smoke demon
  4090 | D        | Killed an ancient zyme
  4090 | D        | Killed a worldbinder
  4090 | D        | Killed a small abomination
  4090 | D        | Killed a wraith
  4090 | D        | Killed a cacodemon
  4091 | D        | Killed a reaper
  4091 | D        | Reached skill level 10 in Transmutations
  4091 | D        | Reached XP level 17. HP: 51/80 MP: 46/46
  4091 | D        | Killed an iron imp
  4092 | D        | Noticed Froymyp the pandemonium lord
  4093 | D        | Killed Froymyp the pandemonium lord
  4093 | D        | Killed a raiju
  4105 | D        | Noticed a thrashing horror
  4105 | D        | Killed a thrashing horror
  4124 | D        | Noticed a smoke demon
  4124 | D        | Killed a smoke demon
  4132 | D        | Noticed a tentacled monstrosity
  4132 | D        | Noticed a lich
  4133 | D        | Killed a lich
  4376 | D        | Got the +2 robe of Styhiteju {rC+ Regen+ Str+6}
  4443 | D        | Entered arena 22.
  4449 | D        | Noticed a wolf spider
  4449 | D        | Noticed a redback
  4449 | D        | Noticed a redback
  4450 | D        | Noticed a jumping spider
  4450 | D        | Killed a redback
  4450 | D        | Killed a wolf spider
  4450 | D        | Killed a jumping spider
  4450 | D        | Killed a redback
  4450 | D        | Killed a hornet
  4450 | D        | Killed a moth of wrath
  4450 | D        | Killed a wolf spider
  4451 | D        | Noticed a tarantella
  4451 | D        | Noticed an orb spider
  4451 | D        | Noticed a redback
  4451 | D        | Killed a tarantella
  4451 | D        | Killed an orb spider
  4451 | D        | Killed a moth of wrath
  4451 | D        | Killed a ghost moth
  4451 | D        | Reached skill level 15 in Evocations
  4451 | D        | Killed a ghost moth
  4452 | D        | Noticed a moth of wrath
  4452 | D        | Noticed a demonic crawler
  4452 | D        | Noticed a redback
  4452 | D        | Noticed a moth of wrath
  4452 | D        | Killed a moth of wrath
  4452 | D        | Killed a hornet
  4452 | D        | Killed a moth of wrath
  4452 | D        | Killed an orb spider
  4452 | D        | Killed an orb spider
  4452 | D        | Killed a redback
  4452 | D        | Killed a scorpion
  4452 | D        | Killed a redback
  4452 | D        | Killed a redback
  4452 | D        | Killed an orb spider
  4452 | D        | Killed a moth of wrath
  4454 | D        | Killed a demonic crawler
  4456 | D        | Killed a trapdoor spider
  4491 | D        | Noticed a wolf spider
  4498 | D        | Killed a wolf spider
  4514 | D        | Noticed a wasp
  4516 | D        | Killed a wasp
  4518 | D        | Noticed a trapdoor spider
  4518 | D        | Killed a trapdoor spider
  4519 | D        | Noticed a trapdoor spider
  4521 | D        | Killed a trapdoor spider
  4553 | D        | Noticed a boulder beetle
  4554 | D        | Noticed a trapdoor spider
  4554 | D        | Killed a trapdoor spider
  4555 | D        | Killed a boulder beetle
  4631 | D        | Noticed a trapdoor spider
  4643 | D        | Killed a trapdoor spider
  4703 | D        | Noticed a trapdoor spider
  4704 | D        | Killed a trapdoor spider
  4767 | D        | Entered arena 23.
  4795 | D        | Noticed a titan
  4795 | D        | Noticed a fire giant
  4795 | D        | Noticed an ettin
  4796 | D        | Noticed a stone giant
  4796 | D        | Noticed a cyclops
  4796 | D        | Noticed a titan
  4796 | D        | Noticed a cyclops
  4796 | D        | Noticed an ettin
  4796 | D        | Killed a cyclops
  4796 | D        | Killed a stone giant
  4796 | D        | Killed an ettin
  4796 | D        | Killed a cyclops
  4796 | D        | Killed a cyclops
  4796 | D        | Killed an ettin
  4796 | D        | Killed a stone giant
  4796 | D        | Killed a cyclops
  4796 | D        | Killed a cyclops
  4796 | D        | Killed a cyclops
  4798 | D        | Noticed a stone giant
  4798 | D        | Noticed a fire giant
  4798 | D        | Killed a stone giant
  4798 | D        | Reached skill level 15 in Transmutations
  4799 | D        | Noticed a hill giant
  4799 | D        | Noticed a stone giant
  4799 | D        | Killed a titan
  4799 | D        | Killed a fire giant
  4799 | D        | Killed a titan
  4800 | D        | Killed a hill giant
  4801 | D        | Noticed a cyclops
  4801 | D        | Noticed a stone giant
  4801 | D        | Noticed a stone giant
  4801 | D        | Noticed a titan
  4801 | D        | Noticed a cyclops
  4801 | D        | Noticed a titan
  4801 | D        | Noticed a cyclops
  4801 | D        | Killed a stone giant
  4801 | D        | Killed a cyclops
  4801 | D        | Killed a stone giant
  4801 | D        | Killed a frost giant
  4801 | D        | Killed a cyclops
  4802 | D        | Noticed a stone giant
  4803 | D        | Noticed a cyclops
  4803 | D        | Noticed a titan
  4803 | D        | Noticed a fire giant
  4803 | D        | Noticed a stone giant
  4803 | D        | Killed a fire giant
  4803 | D        | Killed a titan
  4803 | D        | Killed a cyclops
  4803 | D        | Killed a cyclops
  4804 | D        | Noticed a titan
  4805 | D        | Noticed a cyclops
  4805 | D        | Noticed a frost giant
  4805 | D        | Killed a titan
  4805 | D        | Killed a titan
  4805 | D        | Killed a cyclops
  4805 | D        | Killed a cyclops
  4806 | D        | Killed a stone giant
  4806 | D        | Killed a fire giant
  4806 | D        | Killed a titan
  4806 | D        | Killed a stone giant
  4806 | D        | Killed a stone giant
  4806 | D        | Killed an ettin
  4807 | D        | Noticed a cyclops
  4808 | D        | Killed a frost giant
  4808 | D        | Killed a stone giant
  4809 | D        | Noticed a titan
  4809 | D        | Killed a titan
  4810 | D        | Killed a cyclops
  4855 | D        | Noticed a fire giant
  4859 | D        | Killed a fire giant
  4935 | D        | Got the amulet of Telostriesh {rC+ Regen+ Int+6 Dex+4}
  4976 | D        | Learned a level 8 spell: Death's Door
  4980 | D        | Entered arena 24.
  5010 | D        | Noticed a small abomination
  5010 | D        | Noticed a deep elf priest
  5011 | D        | Noticed a quasit
  5011 | D        | Killed a quasit
  5011 | D        | Killed a small abomination
  5011 | D        | Killed a deep elf priest
  5011 | D        | Reached XP level 18. HP: 85/85 MP: 46/46
  5011 | D        | Killed a small abomination
  5011 | D        | Killed a small abomination
  5011 | D        | Killed a small abomination
  5011 | D        | Killed a large abomination
  5011 | D        | Killed a wraith
  5011 | D        | Killed a tentacled starspawn
  5011 | D        | Reached skill level 10 in Charms
  5011 | D        | Killed a wretched star
  5011 | D        | Killed a giant orange brain
  5011 | D        | Killed a neqoxec
  5012 | D        | Noticed a tentacled starspawn
  5012 | D        | Noticed a ynoxinul
  5012 | D        | Noticed a thrashing horror
  5012 | D        | Killed a tentacled starspawn
  5012 | D        | Killed a small abomination
  5012 | D        | Killed a ynoxinul
  5012 | D        | Killed a giant orange brain
  5012 | D        | Killed an orange demon
  5013 | D        | Killed a ynoxinul
  5013 | D        | Killed an ice beast
  5013 | D        | Killed a large abomination
  5013 | D        | Killed a flayed ghost
  5014 | D        | Noticed a lorocyproca
  5014 | D        | Noticed an ophan
  5014 | D        | Killed a thrashing horror
  5014 | D        | Killed a lorocyproca
  5014 | D        | Killed an ophan
  5015 | D        | Noticed a small abomination
  5015 | D        | Noticed a small abomination
  5015 | D        | Killed a small abomination
  5015 | D        | Killed a small abomination
  5015 | D        | Killed a thrashing horror
  5026 | D        | Noticed a giant orange brain
  5026 | D        | Killed a giant orange brain
  5026 | D        | Reached skill level 15 in Charms
  5027 | D        | Noticed an apocalypse crab
  5027 | D        | Noticed a thrashing horror
  5027 | D        | Killed an orb spider
  5027 | D        | Killed an apocalypse crab
  5027 | D        | Killed an iron imp
  5027 | D        | Killed a worldbinder
  5029 | D        | Noticed an ancient zyme
  5030 | D        | Killed a thrashing horror
  5031 | D        | Killed an ancient zyme
  5031 | D        | Killed a small abomination
  5031 | D        | Killed a tentacled starspawn
  5037 | D        | Noticed a tentacled starspawn
  5038 | D        | Noticed a small abomination
  5038 | D        | Noticed an apocalypse crab
  5038 | D        | Killed a tentacled starspawn
  5038 | D        | Reached skill level 27 in Dodging
  5038 | D        | Killed a ynoxinul
  5039 | D        | Killed a small abomination
  5039 | D        | Killed an apocalypse crab
  5039 | D        | Killed a tentacled starspawn
  5201 | D        | Got the ring of Xom's Capriciousness {rPois rF+ rC+ MR+}
  5260 | D        | Entered arena 25.
  5305 | D        | Noticed an orc priest
  5306 | D        | Noticed a moth of wrath
  5306 | D        | Killed a moth of wrath
  5306 | D        | Killed an orc priest
  5306 | D        | Killed an orc knight
  5307 | D        | Noticed an orc warlord
  5307 | D        | Noticed an orc warrior
  5307 | D        | Killed an orc warrior
  5307 | D        | Killed a stone giant
  5307 | D        | Killed an orc warlord
  5308 | D        | Noticed an orc knight
  5308 | D        | Killed an orc knight
  5308 | D        | Killed an orc knight
  5308 | D        | Killed an orc warrior
  5309 | D        | Killed an orc warlord
  5310 | D        | Noticed an orc knight
  5310 | D        | Noticed a stone giant
  5310 | D        | Noticed a stone giant
  5311 | D        | Noticed an orc warlord
  5312 | D        | Killed an orc warlord
  5312 | D        | Killed an orc knight
  5312 | D        | Killed a stone giant
  5312 | D        | Killed an ogre
  5312 | D        | Killed an ogre
  5312 | D        | Killed an orc knight
  5313 | D        | Noticed a stone giant
  5313 | D        | Killed a stone giant
  5313 | D        | Killed a stone giant
  5313 | D        | Killed an orc knight
  5313 | D        | Killed an orc sorcerer
  5313 | D        | Killed a moth of wrath
  5314 | D        | Noticed an orc knight
  5316 | D        | Noticed an orc warrior
  5317 | D        | Killed an orc warrior
  5317 | D        | Killed an orc knight
  5318 | D        | Noticed an ogre
  5318 | D        | Noticed an orc high priest
  5318 | D        | Killed an orc high priest
  5318 | D        | Killed an orc warlord
  5320 | D        | Killed an ogre
  5320 | D        | Killed an orc warrior
  5390 | D        | Noticed an orc priest
  5390 | D        | Killed an orc priest
  5409 | D        | Noticed an orc knight
  5412 | D        | Killed an orc knight
  5758 | D        | Entered arena 26.
  5770 | D        | Noticed a guardian mummy
  5772 | D        | Killed a guardian mummy
  5772 | D        | Killed an anubis guard
  5772 | D        | Killed a flying skull
  5772 | D        | Killed an anubis guard
  5774 | D        | Noticed a trapdoor spider
  5775 | D        | Noticed a flying skull
  5775 | D        | Noticed a greater mummy
  5775 | D        | Noticed a guardian mummy
  5775 | D        | Noticed an anubis guard
  5775 | D        | Killed a guardian mummy
  5775 | D        | Killed a flying skull
  5775 | D        | Killed an anubis guard
  5775 | D        | Killed an anubis guard
  5776 | D        | Noticed a greater mummy
  5776 | D        | Noticed a mummy priest
  5776 | D        | Noticed a mummy priest
  5776 | D        | Killed a trapdoor spider
  5777 | D        | Killed a greater mummy
  5777 | D        | Killed a mummy priest
  5778 | D        | Noticed an anubis guard
  5778 | D        | Noticed a guardian mummy
  5779 | D        | Noticed a mummy priest
  5779 | D        | Noticed an anubis guard
  5779 | D        | Killed a guardian mummy
  5779 | D        | Killed a flying skull
  5779 | D        | Killed an anubis guard
  5779 | D        | Killed an anubis guard
  5779 | D        | Killed a flying skull
  5780 | D        | Noticed an ushabti
  5780 | D        | Noticed an anubis guard
  5780 | D        | Noticed a greater mummy
  5780 | D        | Noticed a guardian mummy
  5780 | D        | Killed a mummy priest
  5780 | D        | Killed a mummy priest
  5782 | D        | Noticed a mummy priest
  5782 | D        | Noticed an anubis guard
  5782 | D        | Noticed a mummy priest
  5782 | D        | Noticed a mummy priest
  5782 | D        | Noticed a guardian mummy
  5782 | D        | Killed a greater mummy
  5782 | D        | Killed a guardian mummy
  5783 | D        | Noticed an ushabti
  5783 | D        | Noticed a mummy priest
  5784 | D        | Noticed a guardian mummy
  5784 | D        | Killed an anubis guard
  5784 | D        | Killed a mummy priest
  5784 | D        | Killed an ushabti
  5784 | D        | Killed an ushabti
  5785 | D        | Noticed an ushabti
  5785 | D        | Killed a guardian mummy
  5785 | D        | Killed a mummy priest
  5785 | D        | Killed an anubis guard
  5785 | D        | Killed an ushabti
  5785 | D        | Killed a greater mummy
  5787 | D        | Noticed a mummy priest
  5790 | D        | Killed a mummy priest
  5790 | D        | Killed an ushabti
  5791 | D        | Killed a guardian mummy
  5792 | D        | Killed a mummy priest
  5792 | D        | Killed a mummy priest
  6024 | D        | Got the amulet "Paysmoosymm" {rMut rF+ Str+4}
  6092 | D        | Entered arena 27.
  6101 | D        | Noticed a ynoxinul
  6101 | D        | Noticed a starcursed mass
  6101 | D        | Killed a ynoxinul
  6101 | D        | Killed an ancient zyme
  6104 | D        | Noticed an efreet
  6104 | D        | Killed a thrashing horror
  6104 | D        | Killed a revenant
  6104 | D        | Killed a starcursed mass
  6104 | D        | Killed a quasit
  6106 | D        | Killed a starcursed mass
  6106 | D        | Reached XP level 19. HP: 62/89 MP: 46/47
  6106 | D        | Killed an efreet
  6106 | D        | Killed an efreet
  6107 | D        | Killed a thrashing horror
  6107 | D        | Killed an ancient zyme
  6108 | D        | Noticed a tentacled starspawn
  6108 | D        | Killed a hellwing
  6108 | D        | Killed a shadow wraith
  6108 | D        | Killed a bone dragon
  6108 | D        | Killed an ancient zyme
  6110 | D        | Noticed a tentacled starspawn
  6110 | D        | Noticed an ancient lich
  6110 | D        | Killed a tentacled starspawn
  6110 | D        | Killed a tentacled starspawn
  6110 | D        | Killed a tentacled starspawn
  6110 | D        | Killed a ynoxinul
  6110 | D        | Killed a wretched star
  6110 | D        | Killed a rakshasa
  6110 | D        | Killed an ancient zyme
  6111 | D        | Noticed Jutwuhawyan the pandemonium lord
  6111 | D        | Noticed a thrashing horror
  6111 | D        | Killed an ancient lich
  6111 | D        | Killed an iron imp
  6111 | D        | Killed a fire bat
  6112 | D        | Killed a tentacled starspawn
  6113 | D        | Noticed a large abomination
  6113 | D        | Killed a large abomination
  6114 | D        | Killed Jutwuhawyan the pandemonium lord
  6114 | D        | Reached skill level 27 in Charms
  6114 | D        | Killed a thrashing horror
  6114 | D        | Killed a large abomination
  6115 | D        | Noticed Ofolatt the pandemonium lord
  6116 | D        | Noticed a thrashing horror
  6117 | D        | Noticed a ynoxinul
  6117 | D        | Noticed a small abomination
  6117 | D        | Noticed a thrashing horror
  6117 | D        | Noticed a bone dragon
  6117 | D        | Noticed a large abomination
  6117 | D        | Killed a thrashing horror
  6117 | D        | Killed Ofolatt the pandemonium lord
  6117 | D        | Reached skill level 27 in Conjurations
  6117 | D        | Killed a small abomination
  6118 | D        | Noticed a quasit
  6118 | D        | Noticed a hell hog
  6118 | D        | Noticed a worldbinder
  6118 | D        | Killed a ynoxinul
  6118 | D        | Killed a worldbinder
  6118 | D        | Killed a hell hog
  6118 | D        | Killed a raiju
  6118 | D        | Killed an unseen horror
  6118 | D        | Killed a small abomination
  6118 | D        | Killed a ynoxinul
  6118 | D        | Killed a large abomination
  6120 | D        | Killed a thrashing horror
  6122 | D        | Killed a quasit
  6122 | D        | Killed a bone dragon
  6122 | D        | Reached skill level 27 in Transmutations
  6317 | D        | Noticed a kraken
  6317 | D        | Noticed a kraken
  6320 | D        | Noticed a kraken
  6321 | D        | Killed a kraken
  6324 | D        | Killed a kraken
  6324 | D        | Killed a kraken
  6673 | D        | Got the Orb of Zot
  6696 | D        | Escaped with the Orb!

Action                   |  1- 3 |  4- 6 |  7- 9 | 10-12 | 13-15 | 16-18 | 19-21 || total
-------------------------+-------+-------+-------+-------+-------+-------+-------++-------
Melee: Quarterstaff      |       |       |       |    13 |       |    10 |       ||    23
 Cast: Fireball          |       |     1 |    15 |    35 |     8 |    25 |     2 ||    86
       Deflect Missiles  |       |       |     2 |       |       |       |       ||     2
       Bolt of Cold      |       |       |       |    10 |     8 |       |       ||    18
       Regeneration      |       |       |       |     4 |     4 |       |       ||     8
       Fire Storm        |       |       |       |       |    26 |    55 |    11 ||    92
       Condensation Shie |       |       |       |       |     3 |       |       ||     3
       Haste             |       |       |       |       |     3 |     8 |     1 ||    12
       Glaciate          |       |       |       |       |       |     9 |     2 ||    11
       Flame Tongue      |       |       |       |       |       |     6 |       ||     6
       Necromutation     |       |       |       |       |       |     3 |       ||     3
       Lehudib's Crystal |       |       |       |       |       |       |     1 ||     1
Evoke: Wand              |     3 |     4 |       |     1 |       |    14 |     4 ||    26
       Lamp of fire      |       |     1 |       |       |       |       |       ||     1
       Fan of gales      |       |       |       |     1 |     2 |     3 |       ||     6
       Phial of floods   |       |       |       |     1 |       |       |       ||     1
  Use: Potion            |     2 |     1 |     1 |    10 |     9 |     2 |       ||    25
       Scroll            |       |     2 |       |       |     2 |     9 |     2 ||    15
  Eat: Fruit             |     2 |     1 |     1 |     6 |       |     5 |       ||    15
       Chunk             |       |       |     2 |       |     1 |       |       ||     3
       Meat ration       |       |       |       |       |     1 |       |       ||     1
       Royal jelly       |       |       |       |       |       |     3 |       ||     3
